 Dungeon Crawl Stone Soup version 0.22.1-1-ga44c0e56f4 (webtiles) character file.

80 Freyura the Ducker (level 4, -10/22 HPs)
             Began as a Felid Berserker on Oct 22, 2018.
             Was an Initiate of Dithmenos.
             Mangled by a polar bear (28 damage)
             ... created by the rage of Trog
             ... on level 3 of the Dungeon.
             The game lasted 00:08:51 (2257 turns).

Freyura the Ducker (Felid Berserker)                Turns: 2257, Time: 00:08:52

Health: -10/22     AC:  2    Str: 13    XL:     4   Next: 18%
Magic:  5/5        EV: 20    Int:  8    God:    Dithmenos [......]
Gold:   204        SH:  0    Dex: 17    Spells: 3/3 levels left
                                        Lives:  0   Deaths: 1

rFire    . . .     SeeInvis +     - Unarmed
rCold    + . .     Gourm    .   (shield unavailable)
rNeg     . . .     Faith    .   (armour unavailable)
rPois    .         Spirit   .   (helmet unavailable)
rElec    .         Reflect  .   (cloak unavailable)
rCorr    .         Harm     .   (gloves unavailable)
MR       .....                  (boots unavailable)
Stlth    +++.......             d - amulet of magic regeneration
HPRegen  0.07/turn              e - ring of protection from cold
MPRegen  0.34/turn              g - +1 ring of protection

@: about to teleport, quick
A: very small, no armour, no weapons or thrown items, stealth, claws 1, fangs 3,
see invisible, carnivore, speed 1, shaggy fur 1, slow metabolism 1, sharp paws
a: Renounce Religion


You were on level 3 of the Dungeon.
You worshipped Dithmenos.
Dithmenos was noncommittal.
You were not hungry.

You visited 1 branch of the dungeon, and saw 3 of its levels.

You collected 204 gold pieces.

Inventory:

Jewellery
 d - an amulet of magic regeneration (around neck)
 e - a ring of protection from cold (left paw)
 f - an uncursed ring of resist corrosion {unknown}
 g - a +1 ring of protection (right paw)
Scrolls
 c - 3 scrolls of teleportation
 h - 4 scrolls of identify
 i - 2 scrolls of remove curse {unknown}
 j - a scroll of random uselessness {unknown}
 m - a scroll of noise {unknown}
Potions
 b - 3 potions of flight
 k - a potion of curing {unknown}
Comestibles
 a - 5 rations


   Skills:
 + Level 3.7 Fighting
 + Level 4.8 Dodging
 + Level 2.8 Stealth
 * Level 4.3 Unarmed Combat
 + Level 0.6 Invocations


You had 3 spell levels left.
You didn't know any spells.
Your spell library was empty.

Dungeon Overview and Level Annotations

Branches:
Dungeon (3/15)

Altars:
Dithmenos
Kikubaaqudgha
Uskayaw
Vehumet
Xom


Innate Abilities, Weirdness & Mutations

You cannot wear armour.
You are incapable of wielding weapons or throwing items.
Your paws allow you to move quietly. (Stealth)
You have sharp claws.
You have razor-sharp teeth.
You have supernaturally acute eyesight. (SInv)
You are carnivorous and can eat meat at any time.
You cover ground quickly.
You are covered in fur. (AC +1)
You have a slow metabolism.
Your sharp claws are effective at attacking unaware monsters.


Message History

You mangle the adder!!
You kill the adder!
Dithmenos accepts your kill.
No target in view!
You now have 204 gold pieces (gained 13).
Trog sends monsters to punish you. 2 polar bears and 2 black bears come into view.
Okay, then.
As you read the scroll of teleportation, it crumbles to dust.
You feel strangely unstable.
You scratch the black bear.
The black bear is lightly wounded.
The polar bear bites you but does no damage.
The polar bear claws you. x2
You scratch the polar bear but do no damage.
The black bear rages.
The polar bear barely misses you. x2; The polar bear closely misses you.
The polar bear bites you!!
Ouch! That really hurt!
You die...

#.##.. #.#
#.##.# #.#
#.# #.#
... #.# .
.> # #.#
.. .## #.#
... #h#
#.# ... #
#h# #.#
... #≈.
#@# #.#
... #≈.
#h# #(#
... #≈..
#h# #.#
.......
#.≈≈≈ #.##
#.#
........
#.....#..#
#.#
........ .
..#...#
#.#
.......
#.#.#.##.#
#.#
.(.....
..#.....#
#.#
....####
#.####.#
#.#


You could see 2 polar bears and 2 black bears.

Vanquished Creatures
  3 gnolls (D:2)
  6 adders
  An ooze (D:3)
  2 worms (D:3)
  A dart slug (D:1)
  5 leopard geckos
  4 orcs (D:3)
  6 bats
  2 giant cockroaches (D:1)
  6 goblins
  6 hobgoblins
  4 jackals (D:2)
  A frilled lizard (D:2)
  3 kobolds (D:2)
  5 rats
55 creatures vanquished.

Vanquished Creatures (others)
  An orc (D:3)
  7 toadstools (D:1)
8 creatures vanquished.

Grand Total: 63 creatures vanquished

Notes
Turn   | Place    | Note
-------+----------+-------------------------------------------
     0 | D:1      | Freyura the Felid Berserker began the quest for the Orb.
     0 | D:1      | Reached XP level 1. HP: 10/10 MP: 2/2
   107 | D:1      | Reached XP level 2. HP: 5/14 MP: 3/3
   377 | D:1      | Reached skill level 1 in Stealth
   649 | D:2      | Reached XP level 3. HP: 17/17 MP: 4/4
   831 | D:2      | Found a shadowy altar of Dithmenos.
   841 | D:2      | Reached XP level 4. HP: 11/21 MP: 5/5
   850 | D:2      | Fell from the grace of Trog
   850 | D:2      | Became a worshipper of Dithmenos the Shadowed
   938 | D:2      | Paralysed by Trog for 2 turns
  1325 | D:2      | Found an ancient bone altar of Kikubaaqudgha.
  1326 | D:2      | Found a hide-covered altar of Uskayaw.
  1530 | D:3      | Found a shimmering altar of Xom.
  1555 | D:3      | Found a radiant altar of Vehumet.
  2005 | D:3      | Reached XP level 5. HP: 25/25 MP: 6/6
  2142 | D:3      | Killed by the fiery rage of Trog
  2143 | D:3      | Reached XP level 4. HP: -6/22 MP: 5/5
  2255 | D:3      | Noticed a black bear
  2255 | D:3      | Noticed a polar bear
  2255 | D:3      | Noticed a black bear
  2255 | D:3      | Noticed a polar bear
  2257 | D:3      | Mangled by a polar bear

Skill      XL: |  1  2  3  4 |
---------------+-------------+-----
Stealth        | 1 2 |  2.8
Unarmed Combat | 4 |  4.3
Fighting       | |  3.7
Dodging        | |  4.8
Invocations    | |  0.6

Action                   |  1- 3 |  4- 6 || total
-------------------------+-------+-------++-------
Melee: Unarmed           |    65 |    85 ||   150
       Bite              |     2 |     6 ||     8
       Punch             |     1 |     2 ||     3
Invok: Berserk           |     2 |       ||     2
  Use: Scroll            |     3 |     1 ||     4
       Potion            |       |     1 ||     1
 Stab: Sleeping          |     2 |     4 ||     6
  Eat: Chunk             |       |    10 ||    10
       Ration            |       |     1 ||     1
Armor: Skin              |     6 |     7 ||    13
Dodge: Dodged            |    68 |    70 ||   138
